 Dungeon Crawl Stone Soup version 0.29.1-15-g9cfb28693d (webtiles) character file.

Game seed: 7816730531030139606

98982 GeoRichter the Fencer (level 15, -11/189 HPs)
             Began as a Demonspawn Monk on Apr 3, 2023.
             Was an Initiate of Gozag.
             Mangled by a golden dragon simulacrum (13 damage)
             ... in an ice cave.
             The game lasted 00:53:00 (23308 turns).

GeoRichter the Fencer (Demonspawn Monk)            Turns: 23308, Time: 00:53:01

Health: -11/189    AC: 14    Str: 20    XL:     15   Next: 76%
Magic:  24/24      EV: 22    Int:  6    God:    Gozag
Gold:   868        SH:  0    Dex: 31    Spells: 14/14 levels left

rFire   . . .      SeeInvis .   a - +8 triple sword (flame)
rCold   + . .      Faith    .   (shield currently unavailable)
rNeg    + + .      Spirit   .   L - +2 scale mail "Lojyun" {rPois}
rPois   +          Reflect  .   (helmet unavailable)
rElec   .          Harm     .   v - +0 cloak
rCorr   +          Rampage  .   y - +1 pair of gloves of Watchfulness {rF+ rN+ MP+9 Int-2}
Will    +....                   f - +0 pair of boots
Stlth   ..........              C - amulet "Cobbapas" {Acrobat Int-4 Dex+9}
HPRegen 0.41/turn               Y - ring of Xodikeotz {Ice rN+ Str+9 Dex-5 Stlth-}
MPRegen 0.19/turn               u - ring of resist corrosion

@: mighty, brilliant, berserking (expiring), gold aura, very quick
A: horns 3, thin skeletal structure 2, foul stench 3, spiny 2
a: Renounce Religion, Potion Petition, Call Merchant, Bribe Branch


You were in an ice cave.
You worshipped Gozag.
Gozag was pleased with you.
You visited 3 branches of the dungeon, and saw 22 of its levels.
You also visited: Ossuary, Bailey, Gauntlet and Ice Cave.

You collected 8267 gold pieces.
You spent 2616 gold pieces at shops.
You paid 4783 gold pieces to Gozag.

Inventory:

Hand Weapons
 a - a +8 triple sword of flaming (weapon)
   (You acquired it on level 5 of the Lair of Beasts)
 b - a +0 vampiric triple sword {!w}
   (You acquired it on level 14 of the Dungeon)
 T - the +8 great sword of Equivalence {antimagic, Str+7 Int+4}
   (You took it off a minotaur in a Gauntlet)

   It reduces the magical energy of the wielder, and disrupts the spells and
   magical abilities of those it strikes.
   Natural abilities and divine invocations are not affected.
   Str:       It affects your strength (+7).
   Int:       It affects your intelligence (+4).
Missiles
 z - 3 throwing nets (quivered) {!f}
 U - 5 silver javelins
 V - 6 javelins
Armour
 f - a +0 pair of boots (worn)
   (You bought it in a shop on level 4 of the Dungeon)
 h - a +1 ring mail of positive energy
   (You found it on level 6 of the Dungeon)
 v - a +0 cloak (worn)
   (You found it on level 4 of the Dungeon)
 x - a +2 troll leather armour
   (You bought it in a shop on level 4 of the Dungeon)
 y - the +1 pair of gloves of Watchfulness (worn) {rF+ rN+ MP+9 Int-2}
   (You bought it in a shop on level 10 of the Dungeon)

   Int:       It affects your intelligence (-2).
   rF:        It protects you from fire.
   rN:        It protects you from negative energy.
   MP:        It affects your magic capacity (+9).
 L - the +2 scale mail "Lojyun" (worn) {rPois}
   (You acquired it on level 11 of the Dungeon)

   rPois:     It protects you from poison.
Jewellery
 l - the ring "Estunk" {Fire rElec rCorr Int+7}
   (You acquired it on level 5 of the Lair of Beasts)

   [ring of fire]

   It enhances your fire magic.
   Int:       It affects your intelligence (+7).
   rF:        It protects you from fire.
   rC:        It makes you vulnerable to cold.
   rElec:     It insulates you from electricity.
   rCorr:     It protects you from acid and corrosion.
 r - an amulet of regeneration
   (You bought it in a shop on level 10 of the Dungeon)
 u - a ring of resist corrosion (right hand)
   (You found it on level 11 of the Dungeon)
 C - the amulet "Cobbapas" (around neck) {Acrobat Int-4 Dex+9}
   (You bought it in a shop on level 2 of the Orcish Mines)

   [amulet of the acrobat]

   It increases your evasion while moving and waiting.
   Int:       It affects your intelligence (-4).
   Dex:       It affects your dexterity (+9).
 E - a ring of flight
   (You found it in a Gauntlet)
 Q - a ring of positive energy
   (You found it on level 9 of the Dungeon)
 S - a ring of protection from fire
   (You found it on level 2 of the Lair of Beasts)
 Y - the ring of Xodikeotz (left hand) {Ice rN+ Str+9 Dex-5 Stlth-}
   (You found it in a Gauntlet)

   [ring of ice]

   It enhances your ice magic.
   Str:       It affects your strength (+9).
   Dex:       It affects your dexterity (-5).
   rF:        It makes you vulnerable to fire.
   rC:        It protects you from cold.
   rN:        It protects you from negative energy.
   Stlth:     It makes you less stealthy.
Wands
 H - a wand of quicksilver (10)
   (You found it on level 7 of the Dungeon)
 J - a wand of digging (4)
   (You found it on level 8 of the Dungeon)
 K - a wand of paralysis (14)
   (You found it on level 8 of the Dungeon)
 N - a wand of roots (19)
   (You found it on level 8 of the Dungeon)
 X - a wand of polymorph (6)
   (You found it in a Gauntlet)
 Z - a wand of flame (9)
   (You found it in a Gauntlet)
Scrolls
 e - a scroll of amnesia
 g - 3 scrolls of fog
 i - 2 scrolls of teleportation {@r4}
 j - 7 scrolls of identify {@r1}
 k - a scroll of enchant armour
 m - 2 scrolls of magic mapping
 p - 2 scrolls of noise {!r}
 q - a scroll of brand weapon
 G - a scroll of poison {!r}
 I - 4 scrolls of vulnerability {!r}
 M - a scroll of immolation {!r}
 P - 2 scrolls of blinking
Potions
 c - 2 potions of ambrosia
 d - 6 potions of flight
 o - a potion of mutation {!q}
 s - a potion of cancellation
 t - 6 potions of curing {@q1}
 w - a potion of attraction {!q}
 A - 3 potions of haste {@q3}
 B - 4 potions of magic
 F - 4 potions of might
 R - 2 potions of brilliance
Miscellaneous
 n - a phial of floods
   (You found it on level 5 of the Lair of Beasts)
 D - a box of beasts (inert)
   (You found it in a Gauntlet)
 W - a phantom mirror (inert)
   (You found it in a Gauntlet)


   Skills:
 + Level 14.2 Fighting
 * Level 17.8 Long Blades
 + Level 7.1 Armour
 + Level 12.3 Dodging
 - Level 2.7 Stealth
 + Level 5.9 Evocations


You had 14 spell levels left.
You didn't know any spells.
Your spell library contained the following spells:

 Spells                   Type           Power      Damage    Failure   Level
 Magic Dart               Conj           0%         1d3       77%         1
 Necrotise                Necr           0%         1d4       77%         1
 Shock                    Conj/Air       0%         1d3       77%         1
 Searing Ray              Conj           0%         2d4       88%         2
 Call Canine Familiar     Summ           0%         N/A       98%         3
 Gell's Gravitas          Tloc           0%         N/A       98%         3
 Ignite Poison            Fire/Tmut/Pois 0%         N/A       98%         3
 Mephitic Cloud           Conj/Pois/Air  0%         N/A       98%         3
 Portal Projectile        Hex/Tloc       0%         N/A       98%         3
 Swiftness                Air            0%         N/A       98%         3
 Teleport Other           Tloc           0%         N/A       98%         3
 Vampiric Draining        Necr           0%         2d6       98%         3
 Airstrike                Air            0%         2d(0-16)  100%        4
 Fulminant Prism          Conj/Hex       0%         3d6       100%        4
 Leda's Liquefaction      Hex/Erth       0%         N/A       100%        4
 Petrify                  Tmut/Erth      0%         N/A       100%        4
 Summon Lightning Spire   Summ/Air       0%         N/A       100%        4
 Agony                    Necr           0%         N/A       100%        5
 Freezing Cloud           Conj/Ice/Air   0%         6-21      100%        5
 Lightning Bolt           Conj/Air       0%         1d11      100%        5
 Metabolic Englaciation   Hex/Ice        0%         N/A       100%        5
 Dispersal                Tloc           0%         N/A       100%        6
 Statue Form              Tmut/Erth      0%         N/A       100%        6
 Chain Lightning          Conj/Air       0%         N/A       100%        9
 Fire Storm               Conj/Fire      0%         5d1       100%        9
 Shatter                  Erth           0%         3d5*      100%        9


Dungeon Overview and Level Annotations

Branches:
Dungeon (15/15) Zot: 26762  Temple (0/1) D:6            Lair (5/5) D:8 Zot: 23720
  Swamp (0/4) Lair:2       Spider (0/4) Lair:3        Slime (0/5) Lair:5
    Orc (2/2) D:10 Zot: 10033     Elf (0/3) Orc:2        Vaults (0/5) D:14
 Depths (0/4) D:15        Ossuary (visited)          Bailey (visited)
  IceCv (1/1) Zot: 5986   Gauntlet (visited)

Altars:
Ashenzari
Dithmenos
Gozag
Hepliaklqana
Makhleb
Nemelex Xobeh
Qazlal
Ru
Uskayaw
Vehumet
Yredelemnul

Shops:
D:4 [   D:10 =([=   D:15 [   Orc:1 =   Orc:2 (((=?

Annotations:
D:10 1 runed translucent door
Lair:2 2 exclusions
Lair:5 1 runed translucent door


Innate Abilities, Weirdness & Mutations

You have a pair of large horns on your head.
You have a moderately thin skeletal structure. (Dex +4, Stealth++)
You frequently emit foul miasma when damaged in melee.
You are mostly covered in sharp spines.


Message History

The golden dragon simulacrum closely misses you.
The golden dragon simulacrum completely misses you.
The white very ugly thing tail-slaps you.
* * * LOW HITPOINT WARNING * * *
The white very ugly thing freezes you!! You resist.
* * * LOW HITPOINT WARNING * * *
You emit a cloud of foul miasma!
You slash the golden dragon simulacrum!
You melt the golden dragon simulacrum.
The anaconda simulacrum is struck by your spines.
The anaconda simulacrum bites you.
* * * LOW HITPOINT WARNING * * *
The anaconda simulacrum freezes you! You resist.
* * * LOW HITPOINT WARNING * * *
The golden dragon simulacrum misses you.
The golden dragon simulacrum claws you.
* * * LOW HITPOINT WARNING * * *
The golden dragon simulacrum freezes you!
You resist.
* * * LOW HITPOINT WARNING * * *
The golden dragon simulacrum tramples you.
* * * LOW HITPOINT WARNING * * *
You hold your ground!
You slash the golden dragon simulacrum!
You melt the golden dragon simulacrum!
Your headbutt misses the golden dragon simulacrum.
The anaconda simulacrum bites you!
* * * LOW HITPOINT WARNING * * *
The anaconda simulacrum freezes you! You resist.
* * * LOW HITPOINT WARNING * * *
The white very ugly thing is engulfed in dark miasma.
The white very ugly thing is poisoned.
The white very ugly thing is distracted by your dazzling golden aura.
The white very ugly thing gurgles horribly!
You hit the golden dragon simulacrum.
You melt the golden dragon simulacrum.
The anaconda simulacrum bites you but does no damage.
The white very ugly thing is engulfed in dark miasma.
The white very ugly thing looks even sicker.
The golden dragon simulacrum barely misses you.
The golden dragon simulacrum claws you but does no damage.
The golden dragon simulacrum closely misses you.
You open the golden dragon simulacrum like a pillowcase!!!
You melt the golden dragon simulacrum.
The anaconda simulacrum bites you.
* * * LOW HITPOINT WARNING * * *
The anaconda simulacrum freezes you! You resist.
* * * LOW HITPOINT WARNING * * *
The golden dragon simulacrum bites you!
* * * LOW HITPOINT WARNING * * *
The golden dragon simulacrum freezes you!
You resist.
You die...
Your body crumbles into a pile of gold.

#......)......#
#....8...8....#
#.............#
#...........#
#...○.......#
#...........#
#..ZZ.$...#
#.Zu○...#
##Z@Z..##
#######


You could see a white very ugly thing (very poisoned), an anaconda simulacrum, 2
alligator simulacra, a dire elephant simulacrum and a golden dragon simulacrum.

Vanquished Creatures
  A shadow dragon (D:13)
  2 orc warlords (Orc:2)
  Nessos (D:12)
  A minotaur (Gauntlet)
  2 yaktaur captains (D:13)
  An ogre mage (D:13)
  3 hydras
  Fannar (Lair:3)
  A merfolk avatar (Lair:5)
  5 boulder beetles
  Erica (D:8)
  2 catoblepae
  7 two-headed ogres
  3 tengu warriors (D:13)
  2 centaur warriors
  2 dancing weapons (D:14)
  A death knight (D:13)
  2 merfolk aquamancers (D:14)
  An orc high priest (Orc:2)
  Urug (D:12)
  A slime creature (D:13)
  2 sea snakes (Lair:5)
  A skeletal warrior (D:13)
  A large abomination (Gauntlet)
  A deep troll (Lair:1)
  4 deep elf pyromancers
  6 orc knights
  A harpy (Lair:5)
  7 orc sorcerers (Orc:2)
  10 ugly things
  6 cyclopes
  3 manticores
  4 black mambas
  15 elephants
  A water nymph (D:14)
  3 gargoyles
  7 cane toads
  2 unseen horrors
  Maggie (D:7)
  9 komodo dragons
  A yaktaur (D:13)
  A freezing wraith (D:13)
  A kobold demonologist (D:9)
  3 rime drakes
  4 polar bears
  2 tengu conjurers
  2 efreet
  11 trolls
  2 hornets (Lair:5)
  3 meliai (Gauntlet)
  A troll (shapeshifter) (D:15)
  2 wind drakes (Lair:5)
  A wolf spider simulacrum (D:15)
  8 saltlings (Orc:2)
  2 golden dragon simulacra (IceCv)
  A snapping turtle (Lair:5)
  39 blink frogs
  6 dream sheep (Lair:3)
  4 shadows
  Sigmund (D:4)
  2 centaur simulacra (D:15)
  A vampire (D:10)
  A wraith (D:13)
  40 yaks
  2 water elementals (D:14)
  6 wyverns
  A basilisk (Lair:2)
  2 steam dragons
  2 redbacks (Lair:3)
  10 vampire mosquitoes
  5 wargs
  A harpy simulacrum (IceCv)
  2 water moccasins
  4 acid dragons
  A floating eye (D:9)
  35 orc warriors
  2 ice beasts
  A sky beast (D:8)
  3 black bears
  5 ogres
  13 wolves
  16 centaurs
  A phantom (D:7)
  Blork the orc (D:5)
  8 kobold brigands
  17 bullfrogs
  A necrophage (D:4)
  A gnoll sergeant (D:10)
  2 scorpions
  6 wights
  31 killer bees
  4 electric eels
  7 howler monkeys
  4 small abominations (Gauntlet)
  2 hounds
  A jelly (D:7)
  2 gnoll boudas
  16 orc priests
  Crazy Yiuf (D:7)
  39 orc wizards
  3 iguanas
  8 mummies (Ossuary)
  12 gnolls
  7 adders
  A shadow imp (D:8)
  2 white imps
  4 worms
  100 orcs
  5 endoplasms
  3 giant cockroaches
  15 goblins
  6 hobgoblins
  3 jackals (D:3)
  17 kobolds
  2 quokkas
  8 ball pythons
  5 bats
  4 frilled lizards
  3 gnoll zombies (Ossuary)
  2 hobgoblin zombies (Ossuary)
  A kobold zombie (Ossuary)
  2 orc zombies (Ossuary)
  7 rats
739 creatures vanquished.

Vanquished Creatures (collateral kills)
  An orc knight (Orc:2)
  An elephant (Lair:5)
  A rime drake (Lair:5)
  A komodo dragon (Lair:5)
  A yak (Lair:5)
  An orc warrior (Orc:2)
  An orc (Orc:2)
7 creatures vanquished.

Vanquished Creatures (others)
  14 demonic plants (Gauntlet)
  52 fungi
  62 plants
128 creatures vanquished.

Grand Total: 874 creatures vanquished

Notes
Turn   | Place    | Note
-------+----------+-------------------------------------------
     0 | D:1      | GeoRichter the Demonspawn Monk began the quest for the Orb.
     0 | D:1      | Reached XP level 1. HP: 18/18 MP: 1/1
   157 | D:1      | Reached skill level 3 in Long Blades
   177 | D:1      | Gained mutation: You are partially covered in sharp spines.
                  | [demonic ancestry]
   177 | D:1      | Reached XP level 2. HP: 18/24 MP: 2/2
   840 | D:2      | Gained mutation: You have a somewhat thin skeletal
                  | structure. (Dex +2, Stealth+) [demonic ancestry]
   840 | D:2      | Reached XP level 3. HP: 23/29 MP: 3/3
  1496 | D:3      | Found an opulent altar of Gozag.
  1505 | D:3      | Became a worshipper of Gozag Ym Sagoz the Greedy
  1557 | D:3      | Found a sparkling altar of Nemelex Xobeh.
  1698 | D:3      | Reached skill level 4 in Long Blades
  1920 | D:3      | Gained mutation: You may rarely emit foul miasma when
                  | damaged in melee. [demonic ancestry]
  1920 | D:3      | Reached XP level 4. HP: 37/37 MP: 4/4
  2534 | D:4      | Gained mutation: You have a pair of small horns on your
                  | head. [demonic ancestry]
  2534 | D:4      | Reached XP level 5. HP: 37/42 MP: 5/5
  2583 | D:4      | Reached skill level 5 in Long Blades
  2622 | D:4      | Noticed Sigmund
  2657 | D:4      | Found Lihorec's Armour Shop.
  2686 | D:4      | Killed Sigmund
  2687 | D:4      | Reached XP level 6. HP: 49/49 MP: 6/6
  2692 | D:4      | Bought a +0 pair of boots for 63 gold pieces
  2752 | D:4      | Reached skill level 5 in Fighting
  2752 | D:4      | Reached skill level 6 in Long Blades
  2819 | D:4      | Identified the +6 dagger of Fimbulwinter {protect, *Noise
                  | Str+9 Dex+3}
  2889 | D:4      | Gained mutation: You have a pair of horns on your head.
                  | [demonic ancestry]
  2889 | D:4      | Reached XP level 7. HP: 50/56 MP: 7/7
  3327 | D:5      | Entered Level 5 of the Dungeon
  3705 | D:4      | Bought a +2 troll leather armour for 378 gold pieces
  3825 | D:5      | Reached skill level 7 in Long Blades
  3851 | D:5      | Noticed Blork the orc
  3868 | D:5      | Killed Blork the orc
  3926 | D:5      | Found a shadowy altar of Dithmenos.
  4018 | D:5      | Found a broken altar of Ashenzari.
  4154 | D:6      | Gained mutation: You sometimes emit foul miasma when
                  | damaged in melee. [demonic ancestry]
  4154 | D:6      | Reached XP level 8. HP: 64/64 MP: 8/8
  4273 | D:6      | Found a radiant altar of Vehumet.
  4319 | D:6      | Found a sand-covered staircase.
  4323 | Ossuary  | Entered an ossuary
  4689 | D:6      | Reached skill level 8 in Long Blades
  4775 | D:6      | Found a staircase to the Ecumenical Temple.
  4950 | D:7      | Found a flagged portal.
  4993 | D:7      | Reached XP level 9. HP: 68/72 MP: 9/9
  5034 | Bailey   | Entered a bailey
  5069 | Bailey   | Reached skill level 9 in Long Blades
  5165 | Bailey   | Reached skill level 5 in Dodging
  5262 | Bailey   | Found an iron altar of Okawaru.
  5309 | D:7      | Found a sacrificial altar of Ru.
  5343 | D:7      | Found a runed translucent door.
  5343 | D:7      | Noticed Crazy Yiuf
  5368 | D:7      | Noticed Maggie
  5625 | D:7      | Found a hide-covered altar of Uskayaw.
  5628 | D:7      | Found a stormy altar of Qazlal.
  5628 | D:7      | Found a burning altar of Makhleb.
  5728 | D:7      | Killed Maggie
  5729 | D:7      | Reached skill level 10 in Long Blades
  5886 | D:7      | Killed Crazy Yiuf
  6146 | D:8      | Found a hazy altar of Hepliaklqana.
  6181 | D:8      | Gained mutation: You have a pair of large horns on your
                  | head. [demonic ancestry]
  6181 | D:8      | Reached XP level 10. HP: 80/80 MP: 10/10
  6210 | D:8      | Reached skill level 1 in Evocations
  6236 | D:8      | Noticed Erica
  6248 | D:8      | Killed Erica
  6412 | D:8      | You fall into a shaft and drop 1 floor!
  6593 | D:8      | Found a staircase to the Lair.
  6669 | D:8      | Found a basalt altar of Yredelemnul.
  6771 | D:8      | Reached skill level 11 in Long Blades
  7070 | D:9      | Noticed a two-headed ogre
  7089 | D:9      | Killed a two-headed ogre
  7190 | D:9      | Identified the +7 long sword "Itwiez Hial" {pain, *Noise
                  | Int+5}
  7197 | D:9      | Reached XP level 11. HP: 89/89 MP: 11/11
  7251 | D:9      | Paralysed by a floating eye for 3 turns
  7593 | D:9      | Reached skill level 12 in Long Blades
  7896 | Lair:1   | Entered Level 1 of the Lair of Beasts
  8344 | Lair:1   | Reached skill level 10 in Fighting
  8863 | Lair:1   | Noticed a deep troll
  8871 | Lair:1   | Killed a deep troll
  8953 | Lair:2   | Noticed a seven-headed hydra
  9313 | Lair:2   | Reached skill level 13 in Long Blades
  9454 | Lair:2   | Reached XP level 12. HP: 58/98 MP: 12/12
  9675 | Lair:2   | Killed a six-headed hydra
  9928 | Lair:2   | Found a staircase to the Swamp.
 10516 | Lair:3   | Reached skill level 14 in Long Blades
 10687 | Lair:3   | Noticed Fannar
 10698 | Lair:3   | Killed Fannar
 10850 | Lair:3   | Noticed a six-headed hydra
 10910 | Lair:3   | Killed a four-headed hydra
 10922 | Lair:3   | Gained mutation: You have a moderately thin skeletal
                  | structure. (Dex +4, Stealth++) [demonic ancestry]
 10922 | Lair:3   | Reached XP level 13. HP: 88/107 MP: 13/13
 11103 | Lair:3   | Found a hole to the Spider Nest.
 11629 | Lair:4   | Identified the +7 flail of Okawaru's Castigation {vorpal,
                  | SInv}
 12452 | Lair:5   | Entered Level 5 of the Lair of Beasts
 12467 | Lair:4   | Reached skill level 1 in Armour
 12467 | Lair:4   | Reached skill level 10 in Dodging
 12647 | Lair:5   | Reached skill level 15 in Long Blades
 13494 | Lair:5   | Found a runed translucent door.
 13497 | Lair:5   | Found a staircase to the Slime Pits.
 13880 | Lair:5   | Identified the +2 robe of the Salamander {Dex+4}
 13972 | Lair:5   | Identified 2 scrolls of acquirement
 13972 | Lair:5   | Acquired a +2 triple sword of protection
 13974 | Lair:5   | Acquired the ring "Estunk" {Fire rElec rCorr Int+7}
 14329 | D:10     | Entered Level 10 of the Dungeon
 14628 | D:10     | Found a staircase to the Orcish Mines.
 14783 | D:10     | Found a runed translucent door.
 14861 | D:10     | Gained mutation: You frequently emit foul miasma when
                  | damaged in melee. [demonic ancestry]
 14861 | D:10     | Reached XP level 14. HP: 60/116 MP: 14/14
 15087 | D:10     | Bought the +1 pair of gloves of Watchfulness {rF+ rN+ MP+9
                  | Int-2} for 636 gold pieces
 15107 | D:10     | Reached skill level 16 in Long Blades
 16196 | Orc:1    | Entered Level 1 of the Orcish Mines
 16285 | D:10     | Bought an amulet of regeneration for 600 gold pieces
 16572 | Orc:1    | Reached skill level 5 in Armour
 16796 | Orc:1    | Found Baesch's Jewellery Emporium.
 16956 | Orc:2    | Entered Level 2 of the Orcish Mines
 16966 | Orc:2    | Noticed an orc warlord
 17062 | Orc:2    | Found a staircase to the Elven Halls.
 17079 | Orc:2    | Killed an orc warlord
 17182 | Orc:2    | Found Heapnuodd's Magic Scroll Shoppe.
 17234 | Orc:2    | Bought a scroll of teleportation for 54 gold pieces
 17234 | Orc:2    | Bought a scroll of summoning for 171 gold pieces
 17234 | Orc:2    | Bought a scroll of fog for 72 gold pieces
 17234 | Orc:2    | Bought a scroll of immolation for 72 gold pieces
 17671 | Orc:2    | Found Qoaluze's Weapon Shoppe.
 17683 | Orc:2    | Found Kocef's Antique Weapon Shoppe.
 17711 | Orc:2    | Noticed an orc warlord
 17734 | Orc:2    | Killed an orc warlord
 17864 | Orc:2    | Paralysed by an orc sorcerer for 4 turns
 18022 | Orc:2    | Found Mackochi's Jewellery Boutique.
 18028 | Orc:2    | Bought the amulet "Cobbapas" {Acrobat Int-4 Dex+9} for 570
                  | gold pieces
 18105 | Orc:2    | Found Lafisor's Weapon Shoppe.
 18311 | D:11     | Reached skill level 17 in Long Blades
 18319 | D:11     | Found a gate leading to a gauntlet.
 18328 | Gauntlet | Entered a Gauntlet
 18328 | Gauntlet | Found a transporter.
 18328 | Gauntlet | Found a transporter.
 18328 | Gauntlet | Found a transporter.
 18344 | Gauntlet | Found a transporter.
 18348 | Gauntlet | Found a transporter.
 18360 | Gauntlet | Found a transporter.
 18362 | Gauntlet | Found a transporter.
 18376 | Gauntlet | Found a transporter.
 18393 | Gauntlet | Found a transporter.
 18410 | Gauntlet | Found a transporter.
 18414 | Gauntlet | Found a transporter.
 18426 | Gauntlet | Found a transporter.
 18711 | Gauntlet | Identified the +8 great sword of Equivalence {antimagic,
                  | Str+7 Int+4}
 18720 | Gauntlet | Gained mutation: You are mostly covered in sharp spines.
                  | [demonic ancestry]
 18720 | Gauntlet | Reached XP level 15. HP: 124/124 MP: 15/15
 18726 | Gauntlet | Identified the ring of Xodikeotz {Ice rN+ Str+9 Dex-5
                  | Stlth-}
 18773 | D:11     | Acquired the +2 scale mail "Lojyun" {rPois}
 19603 | D:12     | Noticed Urug
 19608 | D:12     | Killed Urug
 19895 | D:12     | Found a hazy altar of Hepliaklqana.
 20008 | D:12     | Noticed Nessos
 20018 | D:12     | Killed Nessos
 20842 | D:13     | Found a runed translucent door.
 21012 | D:13     | Reached skill level 5 in Evocations
 21199 | D:13     | Noticed a shadow dragon
 21205 | D:13     | Killed a shadow dragon
 22586 | D:14     | Found a gate to the Vaults.
 22660 | D:14     | Acquired a +0 vampiric triple sword
 23052 | D:15     | Entered Level 15 of the Dungeon
 23058 | D:15     | Found Houloorph's Armour Emporium.
 23137 | D:15     | Found a frozen archway.
 23292 | IceCv    | Entered an ice cave
 23308 | IceCv    | HP: 2/189 [golden dragon simulacrum (10)]
 23308 | IceCv    | Mangled by a golden dragon simulacrum

Illustrated notes

Levels and vault maps discovered:
D:1:      dreamdust_arrival_beginning_and_end, layout_basic
D:2:      layout_rooms
D:3:      layout_basic, nemelex_xobeh_ov_fountains_minmay,
          lemuel_coloured_pillars_altar
D:4:      layout_rooms, nicolae_stop_n_shop_1, kennysheep_cluttered_room,
          dk_rats_in_the_wall, uniq_sigmund
D:5:      layout_cave_pools, lemuel_doored_altar, kennysheep_mini,
          uniq_blork_the_orc
D:6:      layout_cave_pools, mainiacjoe_overflow_tiny_flanked,
          minmay_temple_entry_ruins, enter_ossuary_5
D:7:      layout_rooms, nicolae_ru_path_of_blood, tso_oasis_becter,
          grunt_temple_overflow_open, enter_bailey_5, serial_corexii_hall,
          corexii_hall_statues_i, corexii_hall_statues_i, uniq_maggie,
          uniq_crazy_yiuf_cottage
D:8:      layout_cave_pools, general_overflow_altar,
          mainiacjoe_overflow_brackets, grunt_lair_entry_orc_guard_hut,
          uniq_erica
D:9:      layout_basic, onia_ninara_cookie
D:10:     minmay_quarter_circles, layout_basic, hiddenorc2_lemuel,
          minmay_st_funbox
D:11:     layout_cave_pools, gauntlet_entry_generic, chequers_garden,
          patterned_corridor
D:12:     layout_loops_ring, minivault_14, nicolae_hepliaklqana_hippocampus,
          uniq_nessos, uniq_urug
D:13:     layout_small_grid, minivault_13
D:14:     layout_layer_cave, erik_vaults_1, minmay_misc_feat_ornament,
          minivault_14, nicolae_splish_splash
D:15:     grunt_enter_depths_magical_seal, layout_long_grid, serial_shops, shop,
          serial_ice, serial_ice_n, serial_ice_a, serial_ice_h, serial_ice_o,
          serial_ice_f, serial_ice_k, portal_ice_cave_entry_pillars_2,
          chequers_mini_garden, due_unseen_surprise, uniq_agnes
Lair:1:   dreamdust_cave_troll, layout_cave_pods, serial_bayou_shore_b,
          grunt_megastairs_2
Lair:2:   layout_loops_ring, swamp_mist_pool, nicolae_lair_liquid_snakes,
          grunt_megastairs_1
Lair:3:   layout_loops_ring, spider_nest_entry_webs, minivault_23, uniq_fannar
Lair:4:   layout_cave_pods, serial_bayou_shore_b
Lair:5:   gammafunk_lair_ancient_temple, layout_cellular_growth, slime_entry_2,
          chequers_serial_rivers_room_b, infiniplex_staircase_pool_2
Orc:1:    layout_caves, serial_shops, shop, nicolae_orc_pool_cavern
Orc:2:    hellmonk_orc_salted, layout_caves, basic_altar, serial_shops,
          nicolae_shop_advertising_works [nicolae_subvault_shop_adworks]
IceCv:    ice_cave_statue_garden_transporter

Skill      XL: |  1  2  3  4  5  6  7  8  9 10 11 12 13 14 15 |
---------------+----------------------------------------------+-----
Long Blades    | 3 4 5 6 7 8 10 11 13 14 15 17 | 17.8
Fighting       | 4 5 6 7 8 9 10 11 12 13 14 | 14.2
Dodging        | 3 4 6 7 8 9 10 11 12 | 12.3
Evocations     | 3 4 5 |  5.9
Armour         | 4 6 7 |  7.1
Stealth        | 2 |  2.7

Action                   |  1- 3 |  4- 6 |  7- 9 | 10-12 | 13-15 || total
-------------------------+-------+-------+-------+-------+-------++-------
Melee: Falchion          |   103 |    55 |       |       |       ||   158
       Punch             |       |     2 |     5 |    14 |     8 ||    29
       Headbutt          |       |     7 |    80 |   137 |   214 ||   438
       Dagger            |       |     6 |   325 |   159 |       ||   490
       Long sword        |       |       |       |   356 |   409 ||   765
       Scimitar          |       |       |       |    25 |       ||    25
       Triple sword      |       |       |       |       |   467 ||   467
Throw: Dart              |       |       |     2 |    13 |       ||    15
Invok: Call Merchant     |       |       |       |       |     4 ||     4
       Potion Petition   |       |       |       |       |     3 ||     3
Evoke: Wand              |       |       |       |     8 |     6 ||    14
       Box of beasts     |       |       |       |       |     1 ||     1
       Phantom mirror    |       |       |       |       |     1 ||     1
  Use: Scroll            |       |     3 |     9 |     7 |    34 ||    53
       Potion            |       |     1 |     1 |     1 |     9 ||    12
 Stab: Sleeping          |     7 |     2 |     1 |     4 |    30 ||    44
       Distracted        |     1 |       |     6 |    10 |    23 ||    40
       Invisible         |       |     3 |       |       |       ||     3
       Fleeing           |       |       |     1 |       |       ||     1
Armor: Robe              |     5 |       |       |       |       ||     5
       Ring mail         |     8 |       |       |       |       ||     8
       Scale mail        |       |    34 |    13 |       |    43 ||    90
       Troll leather arm |       |       |    70 |    85 |   106 ||   261
Dodge: Dodged            |    59 |    27 |   143 |   338 |   688 ||  1255
